 Dungeon Crawl Stone Soup version 0.17.1-3-g152610e (webtiles) character file.

109 Gargoyl the Skirmisher (level 4, 0/36 HPs)
             Began as a Demonspawn Abyssal Knight on Mar 29, 2016.
             Was a Believer of Lugonu.
             Slain by tape's ghost (8 damage)
             ... on level 3 of the Dungeon.
             The game lasted 00:04:14 (1844 turns).

Gargoyl the Skirmisher (Demonspawn Abyssal Knight)  Turns: 1844, Time: 00:04:14

Health: 0/36       AC:  9    Str: 13    XL:     4   Next: 59%
Magic:  6/6        EV:  6    Int: 14    God:    Lugonu [**....]
Gold:   112        SH:  0    Dex: 12    Spells: 0 memorised, 3 levels left

rFire  . . .     SeeInvis .     p - +0 war axe
rCold  . . .     Clarity  .     s - +0 chain mail
rNeg   . . .     SustAt   .     (no shield)
rPois  .         Gourm    .     (helmet restricted)
rElec  .         Spirit   .     (no cloak)
rCorr  .         Warding  .     (no gloves)
rMut   .         Stasis   .     (no boots)
MR     +....                    (no amulet)
Stlth  ..........               (no ring)
                                g - ring of protection from magic

@: somewhat resistant to hostile enchantments, extremely unstealthy
A: horns 1, nightstalker 1, powered by death 1
a: Depart the Abyss, Bend Space, Renounce Religion


You were on level 3 of the Dungeon.
You worshipped Lugonu.
Lugonu was pleased with you.
You were not hungry.

You visited 1 branch of the dungeon, and saw 3 of its levels.
You visited the Abyss 1 time.

You collected 112 gold pieces.

Inventory:

Hand Weapons
 p - a +0 war axe (weapon)
Armour
 s - a +0 chain mail (worn)
Jewellery
 g - a ring of protection from magic (left hand)
Scrolls
 e - a scroll of magic mapping {unknown}
 h - 2 scrolls of remove curse {unknown}
 i - a scroll of random uselessness {unknown}
 k - a scroll of amnesia {unknown}
 m - a scroll of fog {unknown}
 n - 2 scrolls of identify {unknown}
Potions
 b - a potion of mutation {unknown}
 d - 3 potions of curing {unknown}
 j - a potion of flight {unknown}
 l - a potion of heal wounds {unknown}
 o - a potion of might {unknown}
 q - a potion of lignification {unknown}
 r - a potion of poison {unknown}
Comestibles
 a - 3 chunks of flesh
 c - a bread ration
 f - 2 meat rations


   Skills:
 + Level 3.6 Fighting
 + Level 2.5 Axes
 * Level 2.8 Armour
 + Level 1.2 Dodging
 + Level 0.6 Stealth
 + Level 3.2 Invocations


You had 3 spell levels left.
You didn't know any spells.

Dungeon Overview and Level Annotations

Branches:
Dungeon (3/15)

Altars:
Trog
Yredelemnul

Annotations:
D:3 tape's ghost, amateur DrFi


Innate Abilities, Weirdness & Mutations

You have a pair of small horns on your head.
You are slightly more attuned to the shadows.
You regenerate a little health from kills.


Message History

There is a stone staircase leading down here.
You climb downwards.
Tape's ghost (amateur Draconian Fighter) comes into view.
Tape's ghost turns its malevolent gaze towards you.
There is a stone staircase leading up here.
You closely miss tape's ghost. Tape's ghost barely misses you.
You hit tape's ghost but do no damage. Tape's ghost hits you!
Tape's ghost hits you!
You closely miss tape's ghost. Tape's ghost hits you!
You hit tape's ghost but do no damage. Tape's ghost barely misses you.
You hit tape's ghost.
Tape's ghost is lightly damaged.
Tape's ghost hits you!
* * * LOW HITPOINT WARNING * * *
Tape's ghost wails.
Tape's ghost hits you but does no damage.
You barely miss tape's ghost. Your headbutt misses tape's ghost.
Tape's ghost is lightly damaged.
Tape's ghost hits you!
You die...

#.# .#.#
#.##.#.#
+.......
#....^.
+....
#W.#
#@<#
#..#
......
###...##
#.#.#
###.# ..


You could see tape's ghost.

Vanquished Creatures
  Jessica (D:2)
  3 adders (D:2)
  A white imp (Abyss:1)
  An ooze (D:2)
  2 worms (D:2)
  A giant cockroach (D:1)
  8 goblins
  5 hobgoblins
  A jackal (D:1)
  8 kobolds
  4 bats
  A giant gecko (D:1)
  4 giant newts
  3 rats
43 creatures vanquished.

Notes
Turn   | Place    | Note
--------------------------------------------------------------
     0 | Abyss:1  | Gargoyl the Demonspawn Abyssal Knight began the quest for the Orb.
     0 | Abyss:1  | Reached XP level 1. HP: 18/18 MP: 2/2
    74 | Abyss:1  | Reached skill level 1 in Dodging
    93 | Abyss:1  | Noticed an iron imp
   173 | Abyss:1  | Noticed a dire elephant skeleton
   181 | Abyss:1  | Noticed a small abomination
   185 | D:1      | Escaped the Abyss
   396 | D:1      | Gained mutation: You regenerate a little health from kills. [demonic ancestry]
   396 | D:1      | Reached XP level 2. HP: 18/24 MP: 3/3
   643 | D:1      | Reached * piety under Lugonu
  1104 | D:2      | Gained mutation: You have a pair of small horns on your head. [demonic ancestry]
  1104 | D:2      | Reached XP level 3. HP: 12/29 MP: 5/5
  1295 | D:2      | Found a bloodstained altar of Trog.
  1494 | D:2      | Gained mutation: You are slightly more attuned to the shadows. [demonic ancestry]
  1494 | D:2      | Reached XP level 4. HP: 36/36 MP: 6/6
  1593 | D:2      | Noticed Jessica
  1602 | D:2      | Killed Jessica
  1603 | D:2      | Found a faded altar to an unknown god.
  1647 | D:2      | Found a basalt altar of Yredelemnul.
  1747 | D:2      | Reached ** piety under Lugonu
  1837 | D:3      | Noticed tape's ghost (amateur DrFi)
  1844 | D:3      | Slain by tape's ghost

Action                   |  1- 3 |  4- 6 || total
-------------------------+-------+-------++-------
Melee: Hand axe          |    80 |       ||    80
       War axe           |    21 |    64 ||    85
Invok: Depart the Abyss  |     1 |       ||     1
  Eat: Chunk             |     2 |     1 ||     3
